 Dungeon Crawl Stone Soup version 0.27-a0-1272-g7c8ad2e407 (webtiles) character file.

Game seed: 3674076033529502575

77 Kinoniko the Bolt Thrower (level 3, -3/27 HPs)
             Began as a Demigod Arcane Marksman on June 11, 2021.
             Slain by a worm (6 damage)
             ... on level 2 of the Dungeon.
             The game lasted 00:03:53 (2222 turns).

Kinoniko the Bolt Thrower (Demigod Arcane Marksman) Turns: 2222, Time: 00:03:54

Health: -3/27      AC:  3    Str: 11    XL:     3   Next: 91%
Magic:  8/8        EV: 12    Int: 15    God:
Gold:   37         SH:  0    Dex: 18    Spells: 4/5 levels left

rFire    . . .     SeeInvis .   g - +0 short sword
rCold    . . .     Faith    .   (no shield)
rNeg     . . .     Spirit   .   f - +0 leather armour
rPois    .         Reflect  .   (no helmet)
rElec    .         Harm     .   (no cloak)
rCorr    .         Rampage  .   (no gloves)
Will     .....                  (no boots)
Stlth    +.........             (no amulet)
HPRegen  0.09/turn              (no ring)
MPRegen  0.11/turn              (no ring)

@: no status effects
A: high mp 1, forlorn
a: no special abilities


You were on level 2 of the Dungeon.
You visited 1 branch of the dungeon, and saw 2 of its levels.

You collected 37 gold pieces.

Inventory:

Hand Weapons
 a - a +0 hand crossbow
 g - a +0 short sword (weapon)
Missiles
 d - 22 bolts
Armour
 f - a +0 leather armour (worn)
Scrolls
 b - 3 scrolls of identify {unknown}
Potions
 c - a potion of curing {unknown}
 e - a potion of flight {unknown}


   Skills:
 - Level 0.8 Fighting
 * Level 0.2 Short Blades
 * Level 3.2 Crossbows
 - Level 1.7 Dodging
 - Level 1.7 Spellcasting
 - Level 3.1 Hexes


You had 4 spell levels left.
You knew the following spells:

 Your Spells              Type           Power      Damage    Failure   Level
a - Corona                Hex            11%        N/A       9%          1

Your spell library contained the following spells:

 Spells                   Type           Power      Damage    Failure   Level
 Slow                     Hex            10%        N/A       12%         2
 Confusing Touch          Hex            10%        N/A       24%         3
 Animate Skeleton         Necr           2%         N/A       30%         1
 Pain                     Necr           4%         1d4       30%         1
 Inner Flame              Hex/Fire       6%         N/A       43%         3
 Portal Projectile        Hex/Tloc       12%        N/A       43%         3
 Cause Fear               Hex            5%         N/A       63%         4
 Gell's Gravitas          Tloc           0%         N/A       65%         3
 Vampiric Draining        Necr           0%         2d6       65%         3
 Leda's Liquefaction      Hex/Erth       3%         N/A       83%         4
 Animate Dead             Necr           0%         N/A       96%         4
 Petrify                  Tmut/Erth      1%         N/A       96%         4
 Metabolic Englaciation   Hex/Ice        3%         N/A       99%         5
 Yara's Violent Unravell  Hex/Tmut       3%         3d4       99%         5
 Agony                    Necr           1%         N/A       100%        5


Dungeon Overview and Level Annotations

Branches:
Dungeon (2/15)


Innate Abilities, Weirdness & Mutations

Your attributes grow dramatically as you level up.
You have an increased reservoir of magic. (+10% MP)
You shall have no god before yourself.


Message History

You barely miss the ball python.
The ball python is heavily wounded.
The ball python bites you but does no damage.
The ball python constricts you. The worm bites you.
The ball python bites you but does no damage.
The ball python constricts you.
You hit the ball python.
You kill the ball python!
You hit the worm but do no damage.
The worm is lightly wounded.
The worm bites you but does no damage.
You hit the worm but do no damage.
The worm is lightly wounded.
The worm barely misses you.
You hit the worm but do no damage. You completely miss the worm.
The worm bites you!
* * * LOW HITPOINT WARNING * * *
You are too injured to fight recklessly!
You are too injured to fight recklessly!
You are too injured to fight recklessly!
Sorry, you're not good enough to have a special ability.
You hit the worm but do no damage. The worm barely misses you.
You hit the worm.
The worm is lightly wounded.
You hit the worm but do no damage.
The worm is lightly wounded.
The worm closely misses you.
You completely miss the worm.
The worm is lightly wounded.
The worm misses you.
You hit the worm.
The worm is moderately wounded.
You hit the worm.
The worm is heavily wounded.
The worm bites you.
* * * LOW HITPOINT WARNING * * *
You barely miss the worm.
The worm is heavily wounded.
The worm bites you.
You die...

#..#####...##### .#
#...#...... ....# #...#
.#.###..#...... .####
#...# .#......####### .
#...# #.###...#######
##.## #.###.........#
#.#######.##.......##.#
#...............##.#
########........##.#
#.@........##)#
####w#..##.#.###.#
###..........#.###.#
.........#........#
.......#..#..#.#####
#.#.##.#.......# #
#.##.......###
#.<.....#^##
#S....####......#


You could see a worm.

Vanquished Creatures
  A gnoll (D:1)
  2 dart slugs (D:1)
  5 endoplasms (D:1)
  A giant cockroach (D:2)
  5 goblins
  5 hobgoblins
  7 jackals (D:1)
  7 kobolds (D:1)
  2 quokkas (D:1)
  8 ball pythons
  3 bats
  4 frilled lizards
  10 rats
60 creatures vanquished.

Notes
Turn   | Place    | Note
-------+----------+-------------------------------------------
     0 | D:1      | Kinoniko the Demigod Arcane Marksman began the quest for
                  | the Orb.
     0 | D:1      | Reached XP level 1. HP: 15/15 MP: 4/4
   101 | D:1      | You fall into a shaft and drop 1 floor!
   310 | D:2      | Reached XP level 2. HP: 22/22 MP: 6/6
   650 | D:1      | Reached XP level 3. HP: 27/27 MP: 7/7
   756 | D:1      | You fall into a shaft and drop 1 floor!
  2222 | D:2      | Slain by a worm

Illustrated notes

Levels and vault maps discovered:
D:1:      elethiomel_arrival_diamonds, layout_basic,
          shapermc_ecumenical_altar_gd
D:2:      layout_loops_cross, basic_altar, minmay_misc_feat_tiny,
          minmay_domino_2, uniq_natasha

Skill      XL: |  1  2  3 |
---------------+----------+-----
Crossbows      | 2 3 |  3.2
Hexes          | 3 |  3.1
Fighting       | |  0.8
Short Blades   | |  0.2
Dodging        | |  1.7
Spellcasting   | |  1.7

Action                   || total
-------------------------++-------
Melee: Short sword       ||    42
 Fire: Hand crossbow     ||   124
Armor: Robe              ||     3
       Leather armour    ||    13
       Scale mail        ||     3
Dodge: Dodged            ||    52

Table legend: (Time is in decaauts)
 A = Elapsed time spent in this place.
 B = Non-inter-level travel time spent in this place.
 C = Inter-level travel time spent in this place.
 D = Time resting spent in this place.
 E = Time spent auto-exploring this place.
 F = Levels seen in this place.
 G = Mean time per level.
                   A        B        C        D        E       F      G
               +--------+--------+--------+--------+--------+-----+--------+
         Total |   2273 |   2213 |     60 |    164 |   1632 |   2 | 1136.5 |
       Dungeon |   2273 |   2213 |     60 |    164 |   1632 |   2 | 1136.5 |
               +--------+--------+--------+--------+--------+-----+--------+

Top non-repeatable levels by time:
     D:1: 1674 daAuts
     D:2: 599 daAuts
